 Dungeon Crawl Stone Soup version 0.17-a0-1534-gf98da79 (webtiles) character file.

120 Malachi the Chopper (level 5, -2/45 HPs)
             Began as a Ghoul Gladiator on July 17, 2015.
             Slain by a gnoll (3 damage)
             ... on level 3 of the Dungeon.
             The game lasted 00:02:57 (1975 turns).

Malachi the Chopper (Ghoul Gladiator)               Turns: 1975, Time: 00:02:57

Health: -2/45      AC: 11    Str: 20    XL:     5   Next: 4%
Magic:  13/13      EV:  6    Int:  3    God:
Gold:   98         SH:  0    Dex:  9    Spells: 0 memorised, 4 levels left

rFire  . . .     SeeInvis .     e - +0 war axe
rCold  + . .     Clarity  .     q - +0 plate armour
rNeg   + + +     SustAt   .     (no shield)
rPois  ∞         Gourm    .     c - +0 helmet
rElec  .         Spirit   .     (no cloak)
rCorr  .         Warding  .     (no gloves)
rMut   .         Stasis   .     (no boots)
MR     .....                    (no amulet)
Stlth  ..........               (no ring)
                                g - ring of magical power

@: very slightly contaminated, rotting, invisible, not resistant to hostile
enchantments, extremely unstealthy
A: rotting body, claws 1, carnivore 3, cold resistance 1, negative energy
resistance 3, slow healing 1, torment resistance, unbreathing
a: no special abilities


You were on level 3 of the Dungeon.
You were not hungry.

You visited 1 branch of the dungeon, and saw 4 of its levels.

You collected 98 gold pieces.

Inventory:

Hand weapons
 a - a +0 war axe
 e - a +0 war axe (weapon)
Missiles
 d - 3 throwing nets (quivered)
 x - 6 javelins
Armour
 b - a +0 leather armour
 c - a +0 helmet (worn)
 q - a +0 plate armour (worn)
Jewellery
 g - a ring of magical power (left claw)
Scrolls
 f - a scroll of recharging {unknown}
 h - a scroll of fear {unknown}
 i - 7 scrolls of identify {unknown}
 k - a scroll of teleportation {unknown}
 m - a scroll of noise {unknown}
 r - 3 scrolls of remove curse {unknown}
 t - a scroll of immolation {unknown}
 u - a scroll of magic mapping {unknown}
 v - a scroll of fog {unknown}
Potions
 j - a potion of curing
 n - a potion of haste {unknown}
 o - a potion of heal wounds {unknown}
 p - a potion of brilliance {unknown}
 w - a potion of cancellation {unknown}


   Skills:
 + Level 3.2 Fighting
 + Level 3.7 Axes
 + Level 1.9 Throwing
 + Level 1.5 Armour
 + Level 3.1 Dodging
 + Level 0.2 Stealth


You had 4 spell levels left.
You didn't know any spells.

Dungeon Overview and Level Annotations

Branches:
Dungeon (4/15)
 Temple: D:4-7

Altars:
Nemelex Xobeh
Qazlal


Innate Abilities, Weirdness & Mutations

Your body is rotting away.
You thrive on raw meat.
You are immune to poison.
You have sharp fingernails.
You are carnivorous and can eat meat at any time.
Your flesh is cold resistant.
You are immune to negative energy.
You heal slowly when monsters are visible.
You are immune to unholy pain and torment.
You can survive without breathing.


Message History

You are very lightly contaminated with residual magic.
Drink which item? (? for menu, Esc to quit)
Okay, then.
You miss the gnoll.
The gnoll is heavily wounded.
You closely miss the gnoll.
The gnoll is heavily wounded.
The gnoll hits you but does no damage. The gnoll barely misses you.
You catch the helpless gnoll completely off-guard!
You slash the gnoll!
You kill the gnoll!
You have reached level 5!
You feel stronger.
You hit the gnoll.
The gnoll is heavily wounded.
The gnoll barely misses you.
You hit the gnoll.
The gnoll is severely wounded.
The gnoll hits you.
You die...

..........###......#
####
...................#
####...
.......÷..###......#
#......
..###..............#
#...... ..#
#....###.......#
#...... ..#
#....###.......#
#...... ###
####......)..###
###...[..
#.)...###g#
##........ #...))#
#@# ###..##...##
#.....# #.#
#...####.### #.....#
#.# #..##..#'#..
#.....#
#.#####..##......^
#.....#
#.#.......##.._..#
#.....#
#.#.#####..##...##
#.....#
#.#.#.......##.##.
#.....#
#.#.#.#####..###..
####### #.#.#.#
##......


You could see a gnoll.

Vanquished Creatures
  Jessica (D:3)
  A gnoll (D:3)
  3 adders
  2 giant geckos
  4 orcs (D:3)
  8 bats
  2 giant cockroaches
  6 goblins
  12 hobgoblins
  3 kobolds
  A quokka (D:2)
  3 giant newts
  2 rats
48 creatures vanquished.

Notes
Turn   | Place    | Note
--------------------------------------------------------------
     0 | D:1      | Malachi the Ghoul Gladiator began the quest for the Orb.
     0 | D:1      | Reached XP level 1. HP: 17/17 MP: 0/0
   176 | D:1      | Reached XP level 2. HP: 19/24 MP: 1/1
   189 | D:1      | Reached skill level 3 in Axes
   852 | D:2      | Reached XP level 3. HP: 19/30 MP: 2/2
  1079 | D:2      | Found a stormy altar of Qazlal.
  1296 | D:3      | Found a sparkling altar of Nemelex Xobeh.
  1296 | D:3      | Noticed Jessica
  1304 | D:3      | Killed Jessica
  1304 | D:3      | Reached skill level 1 in Armour
  1304 | D:3      | Reached XP level 4. HP: 25/37 MP: 3/3
  1969 | D:4      | HP: 1/35 [gnoll (5)]
  1974 | D:3      | Reached XP level 5. HP: 1/45 MP: 4/4
  1975 | D:3      | Slain by a gnoll

Vault maps used:
D:1:      ncdulo_lavacross
D:2:      nicolae_overflow_hidden_temple
D:3:      first_bread, nemelex_lonely_heart_becter
D:4:      temple_hall

Action                   |  1- 3 |  4- 6 || total
-------------------------+-------+-------++-------
Melee: War axe           |   142 |    56 ||   198
  Use: Potion            |       |     2 ||     2
 Stab: Invisible         |       |     1 ||     1
  Eat: Chunk             |     2 |     2 ||     4
       Meat ration       |     1 |       ||     1
